woodfighter, chaotic female orcish Cavewoman ---- --..| --- ---- |...||..---- --..------...||.....| --.......%....||.....| |...-------...||...--- ---.--- --.--|...- |...| |.| |....| |.---- |.| |.--@| --..|.------ |.| |.||.G |......|...| |.| |.| --- --......^..| |.--|.| --.-- --........-- |...|)| |...--|.......--- ---.).| |....---.)....| --...| ----- ---..........-- --<..*---.|.-- ---.........| |......%.....| --...........| --.....%.....| |..----.--...| |>.....*..--- |..| -----.-- ---.------- ---- --- --- woodfighter the Cave Teen Experience level: 4 Strength: 18/04 Dexterity: 11 Constitution: 17 Intelligence: 8 Wisdom: 8 Charisma: 9 Health: 0(38) Energy: 13(13) Def: 4 Gold: 52 Moves: 1295 Dungeon seed: f5BrZGPHtBmimqIS Game ID: woodfighter_1476486698 Your Inventory: Coins $ - 52 gold pieces Weapons a - a +1 club (weapon in hand) b - a +2 sling (alternate weapon; not wielded) Armor n - an uncursed +0 pair of leather gloves (being worn) q - a blessed +0 leather armor (being worn) r - an uncursed +0 pair of kicking boots (being worn) y - an uncursed +0 dwarvish cloak z - an uncursed +0 pair of iron shoes N - a cursed +0 dwarvish cloak Comestibles g - an uncursed food ration Wands f - a wand of teleportation (0:3) Tools o - a blessed wax candle (0:400) p - a +0 pick-axe s - an uncursed bag of holding t - a bag of tricks (0:18) Gems e - 13 uncursed flints (in quiver) Contents of the bag of holding: 376 gold pieces a [uncursed] scroll of identify a [uncursed] scroll of scare monster a blessed potion of fruit juice an uncursed potion of sleeping Spells and supernatural/magical abilities: Name Level Category Fail Memory W - pray for help -- divine ? -- Your skills at the end: Miscellaneous Skills bare handed combat [Basic] Weapon Skills scimitar [Basic] club [Basic] sling [Basic] Spellcasting Skills Final Attributes: You were piously aligned. You were poison resistant. Your writing hand was ok. You had infravision. You were very stealthy. You were lucky. You are dead. Vanquished creatures: 2 gnome lords a puppy 2 dwarves a hobbit an acid blob a large kobold 6 gnomes a jackal 2 kobolds 4 newts a grid bug a lichen 4 kobold zombies 27 creatures vanquished. Voluntary challenges: You did not adorn yourself with jewelry or accessories. You did not cause conflict. You were not invisible. You did not have reflection. You were not displaced. You used a wielded weapon 34 times, starting on turn 66. You did not apply a unicorn horn. You did not use plumbed fixtures. You did not drink any magical draughts. You read items or engraved 3 times, starting on turn 537. You never genocided any monsters. You never polymorphed an object. You never changed form. You used no wishes. You never split a pudding. You never wrote Elbereth's name. You never violated your personal moral code. Dungeon overview: The Dungeons of Doom: levels 1 to 4 Level 1 a long staircase Level 2 an altar to Anu, a fountain Level 3 (locked) a general store stairs to The Gnomish Mines Level 4 The Gnomish Mines: levels 4 to 5 Level 4 <- You were here stairs to The Dungeons of Doom Level 5 History has recorded: On T:1 you entered the Dungeons of Doom to retrieve the Amulet of Yendor! On T:48 you reached level 2 of The Dungeons of Doom. On T:534 you reached level 3 of The Dungeons of Doom. On T:747 you advanced to experience level 2. On T:812 you reached level 4 of The Dungeons of Doom. On T:955 you reached level 1 of The Gnomish Mines. On T:990 you advanced to experience level 3. On T:1018 you reached level 2 of The Gnomish Mines. On T:1050 you advanced to experience level 4. Score breakdown: Gold: 428 ( 42 points) Experience: 4 levels ( 300 points) Exploration: 5 levels ( 120 points) Discoveries: 13 items ( 650 points) Variety of kills: 13 monsters ( 650 points) Major goal: (nothing yet) ( 0 points) Survival: died (score multiplied by 3) Total score: 5286 Latest messages: The gnome lord hurls a golden potion! The vial crashes on your head and breaks into shards. You feel rather tired. Something hits you! You wake up. You hit the gnome lord! The gnome lord drinks a brown potion! The gnome lord looks completely healed. You hit the gnome lord! The gnome lord swings his mace at the cavewoman. The gnome lord hits you! You hit the gnome lord! You kill the gnome lord! You carefully open the bag... It develops a huge set of teeth and bites you! t - a bag of tricks. You see here a mace. You stop exploring. (3x) The large kobold punches you! You kill the large kobold! The gnome lord throws a dart! You are hit by a dart. You see here a large kobold corpse. You hit the gnome lord! The gnome lord punches you! You die... Final status: Goodbye woodfighter the Cavewoman, killed by a gnome lord... You died in The Gnomish Mines on dungeon level 4 with 5286 points, and 428 pieces of gold, after 1295 moves. You were level 4 with a maximum of 38 hit points when you died.